 Dungeon Crawl Stone Soup version 0.26.1-11-gd32895ea62 (webtiles) character file.

Game seed: 17289688735474496352

59 summerfriday the Chiller (level 3, -1/29 HPs)
             Began as a Demonspawn Ice Elementalist on July 3, 2021.
             Slain by Sigmund
             ... wielding a +0 scythe
              (9 damage)
             ... on level 2 of the Dungeon.
             The game lasted 00:02:25 (2483 turns).

summerfriday the Chiller (DsIE)                     Turns: 2483, Time: 00:02:26

Health: -1/29      AC:  3    Str:  9    XL:     3   Next: 78%
Magic:  3/6        EV: 12    Int: 16    God:
Gold:   60         SH:  0    Dex: 13    Spells: 2/6 levels left

rFire    . . .     SeeInvis .   c - +0 short sword
rCold    . . .     Faith    .   (no shield)
rNeg     . . .     Spirit   .   a - +0 robe
rPois    .         Reflect  .   j - +0 helmet
rElec    .         Harm     .   (no cloak)
rCorr    .         Rampage  .   (no gloves)
Will     .....                  (no boots)
Stlth    ++........             (no amulet)
HPRegen  0.09/turn              (no ring)
MPRegen  0.10/turn              (no ring)

@: no status effects
A: powered by death 1
a: no special abilities


You were on level 2 of the Dungeon.
You visited 1 branch of the dungeon, and saw 3 of its levels.

You collected 60 gold pieces.

Inventory:

Hand Weapons
 c - a +0 short sword (weapon)
Armour
 a - a +0 robe (worn)
 j - a +0 helmet (worn)
Scrolls
 b - 3 scrolls of identify {unknown}
 d - 2 scrolls of amnesia {unknown}
 h - a scroll of teleportation {unknown}
 i - a scroll of magic mapping {unknown}
Potions
 g - a potion of mutation {unknown}
 k - a potion of flight {unknown}
 l - a potion of haste {unknown}
 m - a potion of resistance {unknown}
 n - a potion of attraction {unknown}


   Skills:
 - Level 3.0 Fighting
 - Level 1.9 Dodging
 - Level 1.9 Stealth
 - Level 2.1 Spellcasting
 + Level 3.7 Ice Magic


You had 2 spell levels left.
You knew the following spells:

 Your Spells              Type           Power        Failure   Level
a - Freeze                Ice            52%          4%          1
b - Frozen Ramparts       Ice            26%          14%         3

Your spell library contained the following spells:

 Spells                   Type           Power        Failure   Level
 Ozocubu's Armour         Ice            13%          14%         3
 Hailstorm                Conj/Ice       7%           67%         4
 Summon Ice Beast         Ice/Summ       7%           67%         4


Dungeon Overview and Level Annotations

Branches:
Dungeon (3/15)

Altars:

Annotations:
D:2 Sigmund


Innate Abilities, Weirdness & Mutations

You regenerate a little health from kills.


Message History

Confirm with . or Enter, or press ? or * to list all spells.
The spell is quite dangerous to cast (14% risk of failure)!
Continue anyway? [Y]es or [N]o only, please.
The spell is quite dangerous to cast (14% risk of failure)!
Continue anyway?
Casting: Frozen Ramparts (quite dangerous; 14% risk of failure)
Press: ? - help, Dir - look around, f - activate The walls around you are covered in ice.
The wall freezes the kobold.
You kill the kobold!
The wall freezes Sigmund.
Sigmund hits you from afar with a +0 scythe!
* * * LOW HITPOINT WARNING * * *
It was a potion of brilliance.
You feel clever all of a sudden.
It was a potion of cancellation.
Your magical effects are unravelling.
You feel magically purged.
The frozen ramparts melt away.
You feel a little less clever now.
Sigmund hits you from afar with a +0 scythe!
You die...

# #...##########......###.#
######...........#.#.##.#
#.##
####.......##.#.###.#.#.##.#
#...
..<..###...#.....##.#...##.#
####
..............#..##.#.####.#
.#....[....##.#..##.#.####.#
...........##.......#......#
.....####........###########
#.#### #.######@### #. #.#
#...# #. #.# ###@### #. ..
#...# #...# #...# .....
..#.... >........


You could see Sigmund.

Vanquished Creatures
  An adder (D:2)
  An ooze (D:1)
  3 worms (D:2)
  A dart slug (D:1)
  A leopard gecko (D:1)
  4 bats (D:1)
  3 giant cockroaches
  3 goblins (D:1)
  5 hobgoblins
  6 kobolds
  A frilled lizard (D:1)
  5 rats
34 creatures vanquished.

Notes
Turn   | Place    | Note
-------+----------+-------------------------------------------
     0 | D:1      | summerfriday the Demonspawn Ice Elementalist began the
                  | quest for the Orb.
     0 | D:1      | Reached XP level 1. HP: 13/13 MP: 3/3
   436 | D:1      | Gained mutation: You regenerate a little health from kills.
                  | [demonic ancestry]
   436 | D:1      | Reached XP level 2. HP: 15/20 MP: 1/5
   582 | D:1      | Reached skill level 1 in Fighting
  1161 | D:1      | Reached XP level 3. HP: 25/27 MP: 6/6
  2331 | D:2      | Learned a level 3 spell: Frozen Ramparts
  2474 | D:2      | Noticed Sigmund
  2483 | D:2      | Slain by Sigmund

Illustrated notes

Levels and vault maps discovered:
D:1:      shiori_arrival_maze, layout_loops_ring, chequers_avenue, moated_statue
D:2:      layout_loops_cross, uniq_sigmund
D:3:      layout_basic, grunt_dithmenos_smoke_and_mirrors,
          kennysheep_okawaru_gauntlet

Skill      XL: |  1  2  3 |
---------------+----------+-----
Fighting       | 2 3 |  3.0
Dodging        | |  1.9
Stealth        | |  1.9
Spellcasting   | |  2.1
Ice Magic      | |  3.7

Action                   || total
-------------------------++-------
Melee: Unarmed           ||    15
       Short sword       ||    79
 Cast: Freeze            ||    27
       Frozen Ramparts   ||     1
  Use: Potion            ||     2
 Stab: Sleeping          ||     6
Armor: Robe              ||    16
Dodge: Dodged            ||    73
